[Event "European Women Blitz-ch 2024"]
[Site "Monaco"]
[Date "2025.01.10"]
[Round "8.4"]
[White "Roebers, Eline"]
[Black "Kulon, Klaudia"]
[Result "1/2-1/2"]
[Annotator "TA"]
[ECO "C28"]
[WhiteElo "2381"]
[BlackElo "2393"]
[PlyCount "186"]
[EventDate "2025.01.06"]
[EventType "swiss"]
[EventCountry "MNC"]
[SourceTitle "playchess.com"]
[Source "ChessBase"]
[SourceQuality "1"]
[TimeControl "180+2"]

1. e4 e5 2. Nc3 Nc6 3. Bc4 Nf6 4. d3 Na5 5. Bb3 Nxb3 6. axb3 d5 7. exd5 Nxd5 8. Nge2 Nf6 9. O-O Be7 10. f4 exf4 11. Bxf4 O-O 12. d4 c6 13. Qd3 Be6 14. Ng3 Qd7 15. Nce4 (15. Bg5 $11) 15... Nxe4 $15 16. Nxe4 Bf5 17. Be5 (17. Bg3 $15) 17... Bg6 $17 18. Rae1 (18. Rfe1 $142) 18... Kh8 (18... Rad8 $17 {And now ...f6 would win.} 19. c3 c5) 19. Qc4 b5 (19... b6 $17) 20. Qc3 f6 21. Bg3 Rad8 22. Bf2 Rfe8 23. Nc5 Bxc5 24. Qxc5 h6 25. c3 Be4 26. Qh5 Bd5 27. b4 Bc4 28. Rxe8+ Rxe8 29. Re1 {[%emt 0:00:08] Dodges Be2} Re6 30. Rxe6 Qxe6 $15 {[%emt 0:00:00][%mdl 4096] Endgame KQB-KQB} 31. Qf3 Bd5 32. Qe3 Qg4 33. Bg3 Qd1+ 34. Be1 Qc2 35. Qf2 Qe4 36. Bd2 Kh7 37. h3 Qc2 38. Be3 Qb1+ 39. Kh2 Qe4 40. Bf4 $1 a6 (40... g5 $5 41. Bc7 Kg6 $15) 41. Bd6 h5 (41... g5 $5) 42. h4 g5 43. hxg5 fxg5 44. Be5 h4 45. Kg1 (45. b3 $15 Qg6 (45... Bxb3 $2 46. Qf6 $18) 46. c4 bxc4 47. bxc4 Bxc4 48. Qf8) 45... h3 $1 $19 46. Qg3 $2 (46. Qf3 $19 Qxf3 (46... hxg2 47. Qh5+ Kg8 48. Qe8+ Kh7 49. Qh5+ Kg8 50. Qe8+ Kh7 51. Qh5+ $11) 47. gxf3) 46... Qxg2+ $2 (46... hxg2 {mates} 47. Kh2 Qe2 48. Qxg5 g1=Q+ 49. Kxg1 Qe1+ 50. Kh2 Qf2+ 51. Kh3 Be6+ (51... Qxb2 52. Qg7#) 52. Qg4 Qf3+ (52... Bxg4+ $2 53. Kxg4 Kg6 54. Bc7 $19) 53. Kh2 Bxg4 (53... Qxg4 54. Bd6 Bd5 55. Bg3 Qe2+ 56. Kh3 Be6+ 57. Kh4 Qg4#) 54. Bg3 Qe2+ 55. Kg1 Bh3 (55... Qxb2 56. Bf2 Qxc3 57. Bg3 Qxg3+ 58. Kf1 Bf3 59. d5 Qg2+ 60. Ke1 Qe2#) 56. Bf2 Qf1+ 57. Kh2 Qg2#) 47. Qxg2 Bxg2 {[%emt 0:00:04] KB-KB. Black is a pawn up.} (47... hxg2 48. b3) 48. Kf2 Kg6 49. Ke3 Kf5 50. Bd6 Bd5 51. Bh2 Kg4 52. Bc7 Kh4 53. Bh2 g4 (53... Bg2 $19 54. Kf2 Kg4) 54. Kf4 $17 Bf3 55. Bg3+ Kh5 56. Kf5 Bd1 57. Kf4 (57. Bh2 $142) 57... Kg6 $1 58. Bh2 Kf6 59. Bg3 Ke6 60. Ke3 Kd5 61. Bh2 Kc4 62. Kd2 Bf3 63. Bg3 Be4 64. Bh2 Kb3 65. Kc1 Bf5 66. Bg3 Kc4 {[%emt 0:00:04] ( -> ...Kd3)} 67. Kd2 Kd5 68. Ke3 Be4 69. Bh2 Bf3 70. Bg3 Ke6 $1 71. Kf4 (71. Bh2 $17 {was worth a try.}) 71... Kd5 (71... Kd6 $1 $19 72. Kf5+ Kd5) 72. Ke3 $1 Kc4 (72... Bg2 $17 73. b3 Bf3) 73. Kd2 $1 $19 Bg2 74. Bh2 Be4 75. Bg3 Kb3 76. Kc1 Ka4 77. Kd2 a5 (77... Bf5 $19 78. Kd1 Kb3) 78. bxa5 (78. b3+ $1 $15 Kxb3 79. bxa5) 78... Kxa5 $17 79. b3 Bd5 (79... b4 $142 80. Bc7+ Kb5 81. c4+ Ka6) 80. b4+ (80. Bc7+ $142 Ka6 81. b4) 80... Ka4 81. Bh2 Kb3 82. Bg3 Bf3 83. Bh2 Kc4 84. Bg3 Kd5 85. Ke3 Ke6 86. Kf4 Kf6 87. Bh2 Kg6 (87... Bd1 $142 88. Kg3 Ke6) 88. Bg3 Bd1 89. Bh2 (89. Ke5 $142) 89... Kf6 90. Bg3 {[%emt 0:00:02] [#]} Ke6 (90... Be2 $1 $17 91. d5 cxd5) 91. Bh2 (91. Ke4 $1 $15) 91... Kd5 92. Ke3 Ke6 93. Kf4 $1 {[%emt 0:00:01] [#]} Kd5 $2 ({Black should play} 93... Be2 $1 $17 94. Kg3 Kd5) 1/2-1/2

[Event "European Women Blitz-ch 2024"]
[Site "Monaco"]
[Date "2025.01.10"]
[Round "8.5"]
[White "Tsolakidou, Stavroula"]
[Black "Injac, Teodora"]
[Result "1/2-1/2"]
[Annotator "TA"]
[ECO "C45"]
[WhiteElo "2451"]
[BlackElo "2453"]
[PlyCount "94"]
[EventDate "2025.01.06"]
[EventType "swiss"]
[EventCountry "MNC"]
[SourceTitle "playchess.com"]
[Source "ChessBase"]
[SourceQuality "1"]
[TimeControl "180+2"]

1. e4 e5 2. Nf3 Nc6 3. d4 exd4 4. Nxd4 Bc5 5. Nb3 Bb6 6. Qe2 a5 7. a4 d6 8. Be3 Bxe3 9. Qxe3 Nf6 10. Nc3 Be6 11. O-O-O Bxb3 12. cxb3 O-O 13. h3 Nd7 14. f4 Nb4 15. g4 Re8 16. Bc4 Qe7 17. Rhe1 Rad8 18. g5 Nc5 19. Qg3 c6 20. Kb1 Nca6 21. h4 Qd7 {[%emt 0:00:24] [#]} (21... Nc5 $11) 22. h5 (22. g6 $1 $16 hxg6 23. h5 (23. Qxg6 d5 $11)) 22... d5 $1 $14 23. g6 (23. h6 $5) 23... hxg6 (23... h6 $11) 24. hxg6 $16 (24. exd5 Qf5+ (24... gxh5 25. Rxe8+ Rxe8 26. Qg5 $11) 25. Bd3 Nxd3 (25... Qxh5 $2 26. Rh1 $18) 26. Rxe8+ Rxe8 $11) 24... fxg6 25. Qxg6 (25. exd5 Qf5+ 26. Bd3 Nxd3 27. Rxe8+ Rxe8 $17) 25... Qf7 26. Qxf7+ (26. Qg5 $16 Nc7 27. Rh1) 26... Kxf7 $14 27. exd5 cxd5 28. Rxe8 Kxe8 29. Nxd5 Nxd5 30. Bxd5 Nc5 (30... Rd7 $11) 31. Bf7+ Ke7 $1 32. Rxd8 Kxd8 33. Kc2 Ke7 34. Bh5 (34. Bd5 $14 {deserves consideration.}) 34... Kd6 (34... Ne6 $11 {remains equal.}) 35. Bf3 ({White should try} 35. Kc3 $16) 35... b6 36. Kc3 g6 37. Kc4 Ne6 38. b4 axb4 39. Kxb4 Nxf4 40. Kb5 Kc7 41. b4 Nd3 42. a5 bxa5 43. bxa5 Ne5 44. Be4 Nd7 45. Bxg6 (45. a6 $5 Kb8 $8 46. Bxg6 $11) 45... Kb7 46. Be4+ Ka7 47. a6 Nb8 1/2-1/2

[Event "European Women Blitz-ch 2024"]
[Site "Monaco"]
[Date "2025.01.10"]
[Round "8.6"]
[White "Matnadze Bujiashvili, Ann"]
[Black "Sliwicka, Alicja"]
[Result "0-1"]
[Annotator "TA"]
[ECO "E01"]
[WhiteElo "2315"]
[BlackElo "2344"]
[PlyCount "76"]
[EventDate "2025.01.06"]
[EventType "swiss"]
[EventCountry "MNC"]
[SourceTitle "playchess.com"]
[Source "ChessBase"]
[SourceQuality "1"]
[TimeControl "180+2"]

1. d4 d5 2. c4 e6 3. Nf3 Nf6 4. g3 h6 5. Bg2 Bd6 6. Nc3 O-O 7. O-O Nc6 {[%emt 0:00:05] Against Ne5} 8. b3 {[%emt 0:00:06] White is slightly better.} dxc4 9. bxc4 e5 10. d5 Na5 11. Nd2 b6 12. Qc2 Bd7 13. Rd1 Qe7 14. Nce4 Nxe4 15. Nxe4 f5 16. Nd2 (16. Nxd6 $11 {remains equal.} cxd6 17. c5 bxc5 18. Rb1) 16... Rac8 17. Nb3 Nb7 18. Be3 c5 (18... f4 $17 19. Bd2 a5) 19. a4 $15 a5 20. Bd2 Bc7 21. Bc3 Nd6 22. Nd2 Rce8 23. e3 e4 24. Re1 Nf7 25. f4 exf3 26. Nxf3 Ne5 27. Nd2 (27. Bxe5 $11 {keeps the balance.} Bxe5 28. Nxe5 Qxe5 29. Qd2) 27... Ng4 28. e4 (28. Qd3 $15) 28... f4 {[%emt 0:00:03] Black is more active.} 29. e5 (29. Nf3 $17 fxg3 30. e5 Rxf3 31. Bxf3 Nxe5 (31... gxh2+ 32. Kh1 $15) (31... Nxh2 $2 32. Be4 $18) 32. Bxe5 Bxe5 33. Kh1 (33. hxg3 $2 Qg5 $19)) 29... Bxe5 30. gxf4 $2 {[%emt 0:00:12] [#]} (30. Nf3 Qd6 31. Bxe5 Nxe5 32. Nxe5 Rxe5 33. Qc3 Rxe1+ 34. Rxe1) 30... Bd4+ $19 ({Weaker is} 30... Rxf4 31. Bxe5 Nxe5 32. Ra3 $19) 31. Bxd4 Qxe1+ 32. Rxe1 Rxe1+ {[%emt 0:00:02] Black is clearly winning.} 33. Nf1 cxd4 34. Qd2 {[%emt 0:00:09] [#] Prevents Ne3. White is weak on the dark squares} Rfe8 {[%emt 0:00:11] And now ...R8e2 would win.} 35. h3 (35. Qxd4 $142 R8e2 36. Bf3) 35... R8e2 36. Qxd4 Ne3 37. Qe4 Rxg2+ 38. Qxg2 Nxg2 {[%emt 0:00:02] Weighted Error Value: White=0.94/Black=0.10 (very precise) .  Mistake:       	White=6     	Black=1      Inaccurate:     	White=4     	Black=2      OK:         	White=5     	Black=15     Best:        	White=1     	Black=2} 0-1

[Event "European Women Blitz-ch 2024"]
[Site "Monaco"]
[Date "2025.01.10"]
[Round "8.7"]
[White "Wagner, Dinara"]
[Black "Batsiashvili, Nino"]
[Result "1-0"]
[Annotator "TA"]
[ECO "A57"]
[WhiteElo "2437"]
[BlackElo "2476"]
[PlyCount "77"]
[EventDate "2025.01.06"]
[EventType "swiss"]
[EventCountry "MNC"]
[SourceTitle "playchess.com"]
[Source "ChessBase"]
[SourceQuality "1"]
[TimeControl "180+2"]

1. d4 Nf6 2. c4 c5 3. d5 b5 4. cxb5 a6 5. e3 e6 6. dxe6 fxe6 7. Nc3 d5 8. Nf3 Bd6 9. Be2 O-O 10. O-O Bb7 11. bxa6 Nxa6 12. b3 e5 13. Nb5 Bb8 14. Bb2 Qe7 15. h3 e4 16. Nh2 Nc7 17. Nxc7 Qxc7 18. g3 Ba7 19. Rc1 Qe7 20. Ng4 Nd7 {[%emt 0:00:18][%mdl 1024] Black has compensation.} 21. Bb5 Bb6 22. a4 h5 23. Nh2 $1 Rf5 $1 24. b4 cxb4 25. Bd4 {[%emt 0:00:00] And now Bxd7 would win.} Bxd4 $2 {[%emt 0:00:05] [#]} (25... Nc5 $11 {and Black has nothing to worry.}) 26. Qxd4 $2 (26. Rc7 $1 $18) 26... Ne5 $36 {[%emt 0:00:02][%cal Oe5d3][%mdl 2048] Black has the initiative.} 27. Qb6 (27. Rb1 $11) 27... Rf6 $15 28. Qd4 Raf8 29. Rc2 $2 ({White should try} 29. h4 $1 $15) 29... Qe6 $2 (29... h4 $1 $19 30. a5 b3) 30. Kg2 $2 (30. Rb1 $11 {and White has nothing to worry.}) 30... Bc8 31. g4 $2 (31. Kg1) 31... hxg4 $19 32. a5 gxh3+ 33. Kh1 Nf3 $2 (33... Rg6 $19 34. Rfc1 Rg2) 34. Nxf3 $17 Rxf3 (34... exf3 35. Rc6 Qg4 36. Qxg4 Bxg4 37. Rxf6 Rxf6 38. a6 $14 (38. Rb1 Bc8 $11)) 35. Rd2 (35. Bc6 $17 R3f5 36. Rg1) 35... Bb7 36. a6 {[%emt 0:00:01] [#]} Ba8 $1 (36... Bxa6 37. Bxa6 Qxa6 38. Qxd5+ R3f7 39. Rg1) 37. a7 Qf5 $2 ({Black should play} 37... R3f5 $19 {and ...Rg5 would now be decisive} 38. Rg1 Qe7 (38... Rxf2 39. Qxg7#)) 38. Rg1 {[%emt 0:00:03] Dodges Rg5} (38. Qxb4 $11 h2 39. Qd6) 38... Rxf2 $2 (38... Qf7 $15 39. Ba4 Rf6 (39... Rxf2 $2 {too greedy.} 40. Rxf2 Qe7 41. Rxf8+ Qxf8 42. Bd1 $18)) 39. Qxg7# 1-0

[Event "European Women Blitz-ch 2024"]
[Site "Monaco"]
[Date "2025.01.10"]
[Round "8.8"]
[White "Toncheva, Nadya"]
[Black "Khademalsharieh, Sarasadat"]
[Result "0-1"]
[Annotator "TA"]
[ECO "C88"]
[WhiteElo "2313"]
[BlackElo "2458"]
[PlyCount "86"]
[EventDate "2025.01.06"]
[EventType "swiss"]
[EventCountry "MNC"]
[SourceTitle "playchess.com"]
[Source "ChessBase"]
[SourceQuality "1"]
[TimeControl "180+2"]

1. e4 e5 2. Nf3 Nc6 3. Bb5 a6 4. Ba4 Nf6 5. O-O Be7 6. Re1 b5 7. Bb3 O-O 8. a4 Bb7 9. d3 d5 10. exd5 Nxd5 11. Nxe5 Nxe5 12. Rxe5 {[%emt 0:00:02] White is slightly better.} Bf6 13. Re1 c5 14. axb5 axb5 15. Rxa8 Qxa8 16. Qg4 Rd8 17. Nd2 Nb6 (17... Ne7 $14) 18. c3 Rxd3 (18... Bd5 $16) 19. Bc2 (19. Qf5 $18 {has better winning chances.} Rd6 20. Qxc5) 19... Rd6 (19... Rd5 $16) 20. Ne4 (20. Qh5 $18 g6 21. Qxc5) 20... Bxe4 $16 21. Bxe4 Qd8 22. Bf4 {[%emt 0:00:23] A strong pair of Bishops.} (22. Qf5 $16 g6 23. Qxc5) 22... Re6 $11 23. Qf3 Na4 $40 {[%emt 0:00:06][%mdl 128] White needs to defend precisely.} 24. Bc1 g6 25. h3 ({White should play} 25. Rf1 $11) 25... Qe7 $1 $15 26. Re2 c4 {[%emt 0:00:02] Prevents Bd3. ...Nc5 would now be deadly.} 27. Qg4 $2 (27. Kf1 $1 $15) 27... h5 $19 28. Qf4 {[%emt 0:00:08] [#]} Nc5 ({Black should try} 28... Re5 $1 $19 {Strongly threatening ...Bg5.} 29. Qf3 Nc5) 29. f3 $17 ({Not} 29. Bf3 $2 Rxe2 30. Bxe2 Qxe2 $19) 29... Qd7 (29... Re5 $142 {Threatens to win with ...Bg5.} 30. Be3 Nxe4 31. fxe4 Rxe4) 30. Rd2 (30. Qb8+ $17 {was called for.} Kg7 31. Qg3) 30... Qe7 $2 ({Better is} 30... Nd3 $19 31. Qe3 b4) 31. Qb8+ (31. Re2 $1 $11 {and White has nothing to worry.}) 31... Kg7 $19 32. Qxb5 $2 {[%emt 0:00:02] [#]} (32. Rd1) 32... Nxe4 33. fxe4 Rxe4 34. Rc2 Re1+ 35. Kh2 Qe4 (35... h4 $142 36. Rf2 Rxc1 37. Qxc4 Be5+ 38. g3 Bxg3+ 39. Kg2 Qb7+ 40. Qc6 Qxc6+ 41. Rf3 Qe4 (41... Rc2+ $2 {is a self mate.} 42. Kg1 Qxf3 43. b4 Bh2#) 42. b4 Qe2+ 43. Rf2 Qxf2#) 36. Qa4 Rxc1 {[%emt 0:00:01] Black mates.} 37. Rxc1 {[%emt 0:00:02] KQR-KQB} Qf4+ 38. Kg1 Qxc1+ 39. Kh2 Be5+ 40. g3 Qd2+ 41. Kg1 Qe1+ 42. Kg2 Qxg3+ 43. Kf1 Qxh3+ {[%emt 0:00:02] Never resign too early!   Weighted Error Value: White=0.78/Black=0.42.  Loses game:     	White=2     	---        Missed win:     	---       	Black=1      Mistake:       	White=6     	Black=5      Inaccurate:     	White=2     	Black=1      OK:         	White=7     	Black=4      Best:        	White=1     	Black=2      Strong:       	---       	Black=1} 0-1

[Event "European Women Blitz-ch 2024"]
[Site "Monaco"]
[Date "2025.01.10"]
[Round "8.9"]
[White "Garcia Martin, Marta"]
[Black "Khotenashvili, Bella"]
[Result "0-1"]
[Annotator "TA"]
[ECO "B15"]
[WhiteElo "2323"]
[BlackElo "2420"]
[PlyCount "64"]
[EventDate "2025.01.06"]
[EventType "swiss"]
[EventCountry "MNC"]
[SourceTitle "playchess.com"]
[Source "ChessBase"]
[SourceQuality "1"]
[TimeControl "180+2"]

1. e4 c6 2. Nf3 d5 3. Nc3 g6 4. d4 Bg7 5. h3 Nh6 6. Bd3 O-O 7. O-O f6 8. Re1 Nf7 9. Bf4 (9. b3 $14) 9... Na6 (9... e5 $11 10. Be3 dxe4 11. Nxe4 f5) 10. Bh2 e6 11. e5 (11. Bxa6 $16 {Strongly threatening Bd3.} bxa6 12. a3) 11... f5 (11... fxe5 $1 $11 {keeps the balance.} 12. dxe5 Nc5) 12. Bxa6 $16 bxa6 13. Na4 g5 14. Nd2 Rb8 15. b3 Nh6 16. Nc5 Qe8 ({Better is} 16... f4) 17. Nf1 (17. Nd3 $16) 17... f4 $14 18. Nd2 Qg6 19. Nf3 g4 {[%emt 0:00:06] [#]} (19... Nf5 $11) 20. hxg4 $1 $16 Nxg4 21. Qd3 ({White should try} 21. Rc1 $16) 21... Qh5 $11 22. Qd2 Bh6 23. Qd3 (23. Nd3 Nxh2 24. Nxh2 f3 $17) 23... Rf7 24. c4 Rg7 25. Kh1 $2 (25. cxd5 $14 cxd5 26. Re2) 25... Kh8 $2 (25... Nxf2+ $19 {has better winning chances.} 26. Kg1 Nxd3) 26. Rf1 $2 (26. Qf1 $17 {was necessary.}) 26... Bd7 (26... Rg6 $142 {Strongly threatening ...Bg5.} 27. Kg1 Bg5) 27. cxd5 $19 cxd5 28. Nxd7 Rxd7 $40 {[%emt 0:00:01][%mdl 128] Black attacks with force.} 29. Rac1 $2 (29. Qxa6 Re7 30. Qd6) 29... Rg8 30. Rc6 (30. Rc2 $142 Rdg7 31. Rg1) 30... Rdg7 {[%emt 0:00:01] ( -> ...Nxh2)} 31. Rxe6 Nxh2 32. Nxh2 Rxg2 0-1

[Event "European Women Blitz-ch 2024"]
[Site "Monaco"]
[Date "2025.01.10"]
[Round "8.10"]
[White "Papp, Petra"]
[Black "Shvedova, Alexandra"]
[Result "1-0"]
[Annotator "TA"]
[ECO "D02"]
[WhiteElo "2235"]
[BlackElo "2266"]
[PlyCount "77"]
[EventDate "2025.01.06"]
[EventType "swiss"]
[EventCountry "MNC"]
[SourceTitle "playchess.com"]
[Source "ChessBase"]
[SourceQuality "1"]
[TimeControl "180+2"]

1. d4 Nf6 2. Nf3 d5 3. Bf4 e6 4. e3 c5 5. Nbd2 Bd6 6. c3 Qc7 7. Bxd6 Qxd6 8. Ne5 O-O 9. Bd3 Nc6 10. f4 Rb8 11. Qf3 b5 12. Qh3 g6 13. g4 (13. O-O {simplifies} Nd7 14. Ndf3 Ncxe5 15. fxe5 Qe7 16. a3) 13... b4 14. g5 (14. O-O $11) 14... Ne8 $17 15. Qh6 $2 (15. dxc5 $15 Qxc5 16. Nb3) 15... bxc3 $19 16. bxc3 {[%emt 0:00:01] h4 would now be deadly.} cxd4 $1 17. cxd4 $2 (17. exd4 Nxe5 18. fxe5) 17... Nb4 $2 (17... Nxe5 $1 $19 18. dxe5 Qa3) 18. Be2 $2 (18. O-O $11 {and White stays safe.}) 18... Nc2+ 19. Kf2 Nxa1 20. Rxa1 f6 $2 (20... Rb2 $19 21. Rd1 Bd7 (21... Rxa2 $2 22. h4 $19)) 21. Nxg6 ({White should play} 21. gxf6 Rxf6 (21... Nxf6 22. Rg1 $11) 22. Rc1) 21... hxg6 $2 (21... Rf7 $1 $17 {keeps the pressure on. ...Rb2 is the strong threat.} 22. Nh4 fxg5) 22. Qxg6+ $18 Kh8 $2 (22... Ng7 {was worth a try.}) 23. Rg1 $4 (23. Qh5+ $18 {is the narrow road to win.} Kg8 24. gxf6 Rxf6 25. Qxe8+ Qf8 26. Rg1+ Kh7 27. Qh5+ Qh6 28. Qe5 (28. Bd3+ Kh8 $18)) 23... Rb7 $19 24. gxf6 Nxf6 25. Bd3 Rff7 (25... Rh7 $142 26. Qg5 Rxh2+ 27. Rg2 Rxg2+ 28. Kxg2 Rg8) 26. Rg5 $2 (26. Qh6+ Nh7 27. Qh5) 26... Qf8 27. Nf3 {[%emt 0:00:10] [#]} Ne4+ $2 28. Bxe4 dxe4 29. Ne5 {[%emt 0:00:03] [#]} (29. Qxe4 $142 Rb2+ 30. Kg3) 29... Rh7 $2 (29... Rxf4+ $1 $19 30. Kg3 (30. exf4 Qxf4+ 31. Kg1 Rb1+ 32. Kg2 Rb2+ 33. Kh3 Rxh2#) 30... Rf3+ 31. Kg4 Qf5+ (31... Rxe3 32. Rh5+) (31... Rh7 $2 32. Qxe4 $19) 32. Rxf5 exf5+ 33. Kh4 Rh7+ 34. Kg5 Rg7) 30. Rh5 $2 (30. Qxe4 $15 Qh6 (30... Rxh2+ $2 31. Kf3 $19) 31. Ng6+ Kg8 32. h4 (32. Ne7+ $2 Kf7 $19)) 30... Rxh5 31. Qxh5+ Kg8 32. Ng6 $2 (32. Ng4) 32... Qg7 33. Qg5 Rb2+ 34. Ke1 Rb7 $2 (34... Rxa2 $2 35. Qd8+ Kh7 36. Nf8+ $18) (34... Kh7 $19 35. Ne7 Qxg5 36. fxg5 Bd7) 35. Qd8+ Kh7 36. Nf8+ Kg8 $2 (36... Kh8 $11 37. Nxe6+ Qg8 38. Qh4+ Rh7 39. Qf6+ Rg7 40. Qh4+ (40. Qxg7+ $2 Qxg7 41. Nxg7 Kxg7 $17) 40... Qh7 41. Qd8+ Qg8 42. Qh4+) 37. Nxe6+ $18 (37. Qxc8 {gets mated.} Rb1+ (37... Qxf8 $2 {perishes.} 38. Qxb7 Qa3 39. Qxe4 $18) 38. Kd2 Qg2+ (38... Qxf8 39. Qxe6+ Qf7 40. Qg4+ Kf8 41. Qc8+ Kg7 42. Qg4+ Qg6 43. Qd7+ Kf6 44. Qc6+ Kf5 45. Qc8+ Qe6 46. Qc5+ Kg6 47. Qg5+ Kf7 48. Qh5+ Ke7 49. Qh7+ Kd6 50. Qxa7 $19) 39. Kc3 Qb2+ 40. Kc4 Qc2#) 37... Kh7 38. Nxg7 Kxg7 39. Qxc8 1-0

[Event "European Women Blitz-ch 2024"]
[Site "Monaco"]
[Date "2025.01.10"]
[Round "8.11"]
[White "Cramling Bellon, Anna"]
[Black "Cramling, Pia"]
[Result "1/2-1/2"]
[Annotator "TA"]
[ECO "D28"]
[WhiteElo "2052"]
[BlackElo "2416"]
[PlyCount "61"]
[EventDate "2025.01.06"]
[EventType "swiss"]
[EventCountry "MNC"]
[SourceTitle "playchess.com"]
[Source "ChessBase"]
[SourceQuality "1"]
[TimeControl "180+2"]

1. d4 d5 2. c4 dxc4 3. e3 Nf6 4. Bxc4 e6 5. Nf3 a6 6. O-O c5 7. Qe2 b5 8. Bd3 Nbd7 9. Rd1 Bb7 10. e4 cxd4 11. Nxd4 {[%emt 0:00:06] e5 poses a challenge} Bc5 12. Nb3 Bd6 {[%emt 0:00:18] [#]} 13. Bxb5 $1 Bxh2+ (13... Nxe4 14. Ba4) 14. Kxh2 axb5 15. e5 {[%emt 0:00:07] Active counter play!} (15. f3 $11) 15... Qc7 (15... Nd5 $15) 16. f4 $1 $132 {[%emt 0:00:09][%mdl 2048] White is not keeping still} Nd5 17. Nd4 Ba6 18. Qg4 g6 (18... O-O $11) 19. Nc3 Nxc3 20. bxc3 O-O $1 {[%emt 0:00:06] Black is weak on the dark squares} 21. Ba3 Rfe8 22. Bb4 Nb6 23. Rac1 Nd5 24. Qh4 f5 (24... Qc4 $11) 25. Nf3 $2 ({White should try} 25. Nxe6 $16 Rxe6 26. Rxd5) 25... Rad8 (25... Bb7 $15 26. a3 Ne3) 26. Bd6 Qg7 27. Nd4 {[%emt 0:00:02][%cal Od4e6] Black must now prevent Nxe6!.} (27. Rxd5 $5 exd5 28. Nd4 $11) 27... Rd7 28. a4 bxa4 {[%emt 0:00:06] aiming for ...Ne3.} 29. Ra1 $2 (29. Nxe6 $1 $11 Rxe6 30. Rxd5) 29... Ne3 ({Better is} 29... Nxc3 $17 30. Rdc1 Ne4 (30... Rxd6 31. exd6 Qxd4 32. Rxc3 $14) 31. Rxa4 Bb7) 30. Rdc1 (30. Re1 $15 Ng4+ 31. Kg1) 30... Bb7 $19 31. Rxa4 (31. Ra2 $142) 1/2-1/2

[Event "European Women Blitz-ch 2024"]
[Site "Monaco"]
[Date "2025.01.10"]
[Round "8.12"]
[White "Rudzinska, Michalina"]
[Black "Kanyamarala, Trisha"]
[Result "1-0"]
[Annotator "TA"]
[ECO "B56"]
[WhiteElo "2226"]
[BlackElo "2158"]
[PlyCount "49"]
[EventDate "2025.01.06"]
[EventType "swiss"]
[EventCountry "MNC"]
[SourceTitle "playchess.com"]
[Source "ChessBase"]
[SourceQuality "1"]
[TimeControl "180+2"]

1. e4 c5 2. Nf3 d6 3. d4 cxd4 4. Nxd4 Nf6 5. Nc3 Nc6 6. f3 e5 7. Nb3 a5 8. Be3 a4 9. Nd2 a3 10. Nc4 axb2 11. Rb1 Be7 12. Rxb2 O-O 13. Bb6 Qd7 14. Be2 Nd4 15. Bxd4 exd4 16. Qxd4 {[%emt 0:00:06] Nb6 would now be deadly.} Qd8 (16... Qc7 $14 {might be stronger.}) 17. O-O $16 {[%emt 0:00:20] White is much more active.} Be6 18. Rxb7 (18. Rb5 $16) 18... d5 $11 19. Nb6 Ra5 {[%emt 0:00:09] aiming for ...Bc5.} 20. Nb5 (20. Nba4 $5) 20... dxe4 21. Qc3 (21. fxe4 $2 Qxd4+ 22. Nxd4 Bc5 $19) (21. a4 $11) 21... Ra6 $2 ({And not} 21... Rxa2 22. Rd1 Nd5 23. Nxd5 (23. fxe4 $2 {is the wrong capture.} Nxc3 24. Nxc3 Bc5+ 25. Kh1 Rxc2 $19) (23. Rxd5 Bxd5 24. Nxd5 Qxd5 $16) 23... Bxd5 24. Rxd5 (24. Rxe7 Qxe7 25. Rxd5 exf3 $16) 24... Qxd5 25. Rxe7 $16) (21... exf3 $1 $17 {stays on course.} 22. Rxf3 Rxb5 (22... Rxa2 23. Rd3 $17) 23. Bxb5 Ne4) 22. Rd1 $36 {[%emt 0:00:06][%mdl 2048] White is on the roll.} Qe8 $2 (22... Rxb6 $16 23. Rxd8 Bxd8) 23. Nc7 $1 $18 Rxb6 24. Rxb6 Qc8 $2 (24... Qa4 25. Ra6 Bb4) 25. Ba6 1-0

[Event "European Women Blitz-ch 2024"]
[Site "Monaco"]
[Date "2025.01.10"]
[Round "8.13"]
[White "Maisuradze, Nino"]
[Black "Stefanova, Antoaneta"]
[Result "0-1"]
[Annotator "TA"]
[ECO "D10"]
[WhiteElo "2174"]
[BlackElo "2418"]
[PlyCount "96"]
[EventDate "2025.01.06"]
[EventType "swiss"]
[EventCountry "MNC"]
[SourceTitle "playchess.com"]
[Source "ChessBase"]
[SourceQuality "1"]
[TimeControl "180+2"]

1. d4 d5 2. c4 c6 3. Nc3 Nf6 4. cxd5 cxd5 5. Bf4 a6 6. e3 Nc6 7. Bd3 Bg4 8. Nge2 e6 9. O-O Be7 10. Rc1 O-O 11. f3 Bh5 12. g4 Bg6 13. Bxg6 hxg6 14. Kg2 Rc8 15. Qe1 Nd7 16. a3 (16. Bg3 $11 {remains equal.}) 16... b5 (16... Nb6 $17 17. Rh1 Nc4) 17. b4 $2 (17. Bg3 $15) 17... Nb6 $19 18. g5 (18. Ra1 $142) 18... Bxg5 19. Qg3 Bxf4 20. Nxf4 Nc4 21. Rce1 (21. Qf2 $142) 21... Nxa3 22. Nh3 Ne7 23. Nd1 Nf5 24. Qg4 Qh4 25. Rf2 Nc2 26. Ree2 Nxb4 27. e4 Qxg4+ 28. fxg4 Nxd4 29. Rd2 e5 30. exd5 Nxd5 31. Ng5 Rc1 {[%emt 0:00:06][%cal Oc1d1] White must now prevent ...Rxd1!.} 32. Kg3 f6 33. Ne4 g5 34. h4 gxh4+ 35. Kxh4 Rfc8 36. Kh5 R1c4 37. Nd6 R4c6 38. Nxc8 Rxc8 39. g5 Kf7 40. gxf6 gxf6 41. Nb2 Rh8+ 42. Kg4 Ne3+ 43. Kg3 Rg8+ 44. Kh3 Ne6 45. Nd3 {[%emt 0:00:04] Wards off Nf4+} Ng5+ 46. Kh2 Ng4+ (46... Rh8+ $142 47. Kg1 Nh3+ 48. Kh2 Nxf2+ 49. Kg1 Nh3+ 50. Kh1 Ng5+ 51. Rh2 Rxh2+ 52. Kxh2 e4) 47. Kg2 Nxf2 48. Kxf2 Ne4+ 0-1